Map: Romanticide LE

Players

Geralt (Gerald) - Winner!

  • Race: Protoss Protoss
  • League: Grandmaster

milkicow

  • Race: Terran Terran
  • League: Grandmaster

Event: DreamHack SC2 Masters 2021 Summer

VOD

Have the link to the VOD?

Description

Time

  • Played on: May 29, 2021, 10:12 a.m.
  • Length: 10:11

All games in this series

Show
View Real Time Build Order
Export as new Build Order

Geralt Protoss - Winner!

Build Orders: 1 Gate Expand, Oracle Opening, Phoenix Opening 

Get SALT Encoding   

  12  0:00  Probe  
  13  0:12  Probe  
  14  0:17  Pylon  
  14  0:25  Probe (Chrono Boost)  
  15  0:37  Probe (Chrono Boost)  
  15  0:38  Gateway  
  16  0:44  Probe (Chrono Boost)  
  16  0:48  Assimilator  
  17  0:52  Probe  
  19  1:04  Probe  
  19  1:16  Probe  
  20  1:27  Cybernetics Core  
  20  1:28  Probe  
  21  1:35  Nexus  
  21  1:43  Pylon  
  21  1:44  Probe  
  22  1:50  Assimilator  
  22  1:57  Probe  
  22  2:01  Adept (Chrono Boost)  
  23  2:05  Warp Gate  
  25  2:09  Probe  
  26  2:22  Probe  
  27  2:23  Stalker  
  29  2:34  Probe  
  30  2:41  Stargate  
  29  2:47  Probe (Chrono Boost)  
  31  2:55  Probe (Chrono Boost)  
  31  2:56  Probe (Chrono Boost)  
  32  3:01  Probe x2 (Chrono Boost)  
  34  3:11  Gateway  
  34  3:13  Probe x2  
  36  3:23  Oracle (Chrono Boost)  
  36  3:25  Probe  
  36  3:26  Probe  
  41  3:35  Gateway  
  41  3:37  Probe, Shield Battery  
  41  3:38  Probe  
  43  3:49  Probe  
  43  3:54  Pylon  
  45  3:56  Phoenix (Chrono Boost)  
  45  3:57  Probe  
  45  4:00  Twilight Council  
  46  4:07  Assimilator  
  46  4:09  Nexus  
  46  4:13  Stalker  
  46  4:15  Stalker  
  49  4:26  Probe  
  49  4:30  Stalker  
  52  4:38  Probe  
  53  4:42  Probe  
  52  4:50  Probe  
  53  4:54  Probe  
  54  5:00  Blink (Chrono Boost)  
  54  5:01  Pylon  
  54  5:02  Probe  
  54  5:18  Pylon  
  54  5:19  Probe (Chrono Boost)  
  54  5:20  Probe (Chrono Boost)  
  56  5:23  Assimilator  
  56  5:25  Probe (Chrono Boost)  
  57  5:31  Probe (Chrono Boost)  
  57  5:32  Probe (Chrono Boost), Forge  
  57  5:33  Gateway  
  57  5:35  Probe (Chrono Boost), Stalker x2  
  64  5:36  Pylon  
  64  5:37  Probe (Chrono Boost)  
  64  5:38  Probe (Chrono Boost)  
  64  5:40  Probe (Chrono Boost)  
  67  5:45  Probe  
  67  5:49  Probe  
  70  5:57  Probe (Chrono Boost)  
  70  5:59  Probe (Chrono Boost)  
  70  6:01  Probe (Chrono Boost)  
  70  6:02  Templar Archives  
  72  6:05  Gateway  
  72  6:08  Protoss Ground Weapons Level 1, Pylon x2  
  72  6:09  Probe (Chrono Boost)  
  74  6:15  Probe (Chrono Boost), Gateway  
  74  6:16  Probe (Chrono Boost)  
  74  6:18  Probe (Chrono Boost)  
  75  6:20  Pylon  
  75  6:25  Stalker x2  
  80  6:26  Stalker  
  80  6:27  Probe  
  80  6:30  Probe x2  
  85  6:33  Assimilator  
  85  6:37  Assimilator  
  85  6:38  Psionic Storm  
  85  6:39  Pylon  
  85  6:42  Probe  
  85  6:44  Pylon  
  85  6:46  Charge  
  86  6:47  Probe  
  86  6:52  Probe  
  89  6:54  Probe  
  89  7:12  Probe  
  88  7:19  Probe x2, Zealot x3  
  88  7:20  Zealot x3  
  102  7:24  Gateway  
  102  7:25  Gateway  
  102  7:27  Gateway  
  102  7:29  Gateway  
  102  7:36  Nexus  
  102  7:37  Pylon  
  102  7:40  High Templar  
  102  7:41  High Templar x3  
  110  7:44  Probe  
  110  7:50  Probe  
  112  7:52  Pylon  
  112  7:56  Photon Cannon  
  112  7:57  Zealot x2  
  116  7:59  Robotics Facility  
  116  8:01  Probe  
  116  8:04  Probe  
  116  8:22  Zealot x9  
  116  8:24  Probe  
  116  8:25  Photon Cannon  
  116  8:26  Probe  
  136  8:32  Probe, Pylon  
  137  8:38  Zealot  
  137  8:39  Probe  
  137  8:41  Probe  
  141  8:43  Forge  
  141  8:45  Warp Prism (Chrono Boost)  
  141  8:47  Assimilator  
  141  8:48  Probe  
  142  8:49  Assimilator  
  142  8:51  High Templar x4  
  142  8:52  Photon Cannon  
  142  8:53  Shield Battery  
  142  8:55  Archon x2  
  152  8:56  High Templar x3  
  152  9:00  Archon  
  152  9:02  Zealot x3  
  164  9:10  Robotics Bay  
  164  9:11  Robotics Facility  
  164  9:15  Observer  
  165  9:29  Zealot x3  
  171  9:32  Pylon  
  171  9:34  Pylon  
  171  9:39  Pylon  
  171  9:40  Pylon  
  171  9:41  Pylon  
  171  9:42  Pylon  
  171  9:45  Nexus  
  171  9:49  Pylon  
  165  9:57  Zealot x9  
Show
View Real Time Build Order
Export as new Build Order

milkicow Terran 

Build Orders:  

Get SALT Encoding   

  12  0:00  SCV  
  13  0:12  SCV  
  14  0:17  Supply Depot  
  14  0:24  SCV  
  15  0:39  SCV  
  15  0:40  Barracks  
  16  0:43  Refinery  
  16  0:51  SCV  
  17  1:03  SCV  
  18  1:15  SCV  
  19  1:27  Orbital Command, Marine  
  20  1:41  Command Center  
  20  1:52  Factory  
  20  1:56  SCV  
  21  2:02  Barracks Reactor  
  21  2:10  SCV, Bunker  
  22  2:18  Supply Depot  
  22  2:22  SCV  
  23  2:24  Refinery  
  23  2:40  Starport, SCV  
  24  2:47  Hellion  
  28  2:51  Hellion  
  28  2:54  SCV  
  29  3:04  Orbital Command  
  29  3:06  SCV  
  29  3:10  Widow Mine  
  32  3:14  Widow Mine  
  32  3:18  SCV  
  35  3:20  Medivac  
  37  3:30  SCV  
  37  3:32  Widow Mine  
  40  3:41  Widow Mine  
  42  3:43  SCV  
  42  3:44  SCV  
  42  3:45  Supply Depot  
  44  3:55  SCV  
  44  3:58  SCV  
  45  4:05  Starport Tech Lab  
  45  4:09  Factory Tech Lab  
  45  4:10  SCV, Marine x2  
  45  4:13  SCV  
  45  4:14  Supply Depot  
  49  4:22  SCV  
  48  4:25  SCV  
  48  4:29  Viking  
  49  4:34  SCV, Marine  
  49  4:36  Marine  
  49  4:37  SCV  
  49  4:46  SCV  
  49  4:49  SCV  
  49  4:52  Marine, Command Center  
  52  4:57  Marine  
  52  4:58  SCV  
  50  5:01  SCV  
  51  5:09  Marine  
  51  5:10  SCV  
  51  5:13  SCV  
  52  5:20  Cyclone  
  54  5:22  SCV  
  54  5:27  Supply Depot  
  54  5:34  Starport Reactor, Engineering Bay, Barracks  
  54  5:35  Barracks, Engineering Bay  
  54  5:42  SCV x2, Marine  
  57  5:54  SCV  
  57  5:55  SCV  
  51  5:59  Refinery  
  51  6:00  Marine  
  51  6:01  Refinery, Terran Infantry Weapons Level 1  
  52  6:07  Terran Infantry Armor Level 1  
  52  6:09  SCV  
  52  6:10  SCV  
  54  6:18  Marauder  
  56  6:19  Orbital Command  
  56  6:21  SCV  
  56  6:22  SCV  
  58  6:27  Marine  
  58  6:28  Marine  
  60  6:33  SCV  
  60  6:34  SCV  
  60  6:38  Factory Reactor, Supply Depot  
  60  6:39  Marauder  
  64  6:40  Medivac  
  64  6:41  Medivac  
  64  6:45  SCV  
  69  6:50  Barracks, Marine  
  69  6:52  Orbital Command  
  69  6:53  SCV  
  69  6:54  Barracks  
  71  6:57  Marauder, Marine  
  74  7:01  Orbital Command, Supply Depot  
  74  7:06  Stimpack  
  74  7:08  Marine  
  74  7:10  SCV  
  74  7:11  SCV  
  74  7:13  Medivac  
  74  7:14  Marine  
  74  7:15  Barracks Tech Lab  
  76  7:18  Marauder  
  76  7:22  SCV  
  78  7:23  SCV  
  78  7:26  Supply Depot  
  78  7:27  Supply Depot  
  77  7:30  Factory Tech Lab, Marine  
  77  7:31  SCV  
  77  7:34  SCV, Armory  
  77  7:35  Marauder  
  82  7:40  Marauder  
  82  7:41  Marine  
  82  7:43  Combat Shield  
  85  7:45  Barracks Tech Lab  
  85  7:46  SCV  
  85  7:50  Supply Depot  
  86  7:51  Siege Tank  
  86  7:53  SCV  
  86  7:54  Orbital Command, SCV  
  86  7:57  Marauder  
  94  7:59  Marine  
  94  8:01  Marauder  
  94  8:04  Marauder  
  94  8:05  SCV  
  99  8:06  SCV  
  99  8:08  Marine  
  101  8:17  SCV  
  101  8:18  Marauder  
  102  8:20  Marine  
  102  8:22  SCV  
  102  8:23  SCV  
  102  8:26  Refinery  
  109  8:27  Refinery  
  109  8:29  Siege Tank, Supply Depot x2  
  109  8:30  Marine x2  
  109  8:31  SCV  
  109  8:36  SCV x2  
  109  8:38  Marauder, Marine  
  113  8:41  Marine  
  113  8:42  Marauder  
  113  8:43  Marauder  
  113  8:44  SCV  
  113  8:46  Supply Depot  
  113  8:48  SCV  
  120  8:52  SCV  
  120  8:55  Marine  
  122  8:58  SCV  
  122  8:59  Marauder, Supply Depot  
  122  9:00  Supply Depot  
  122  9:02  Concussive Shells  
  125  9:03  SCV  
  125  9:05  SCV  
  127  9:10  Marine  
  127  9:13  SCV  
  127  9:15  SCV  
  134  9:21  Siege Tank, Supply Depot  
  134  9:22  Medivac  
  134  9:23  Supply Depot  
  138  9:27  Ghost Academy  
  133  9:32  SCV  
  133  9:33  Missile Turret  
  133  9:34  Command Center  
  133  9:36  Marauder  
  133  9:38  Missile Turret  
  136  9:39  Marauder  
  136  9:41  Marine  
  136  9:42  Marauder  
  136  9:43  SCV  
Tags
 
Add a new tag
Caveats
  • Supply blocks, unpowered buildings, or Contaminate may cause inaccurate times.
  • Supply counts are checked every 10 seconds.